Map: [ESL] Oceanborn

Players

SCV - Winner!

  • Race: Protoss Protoss
  • Spawn Location: 11:00

XYXY (XY)

  • Race: Terran Terran
  • Spawn Location: 5:00

Event: ESL SC2 Masters 2024 Spring (Regional)

VOD

Have the link to the VOD?

Description

Time

  • Played on: April 20, 2024, 9:21 a.m.
  • Length: 16:29

All games in this series

Show
View Real Time Build Order
Export as new Build Order

SCV Protoss - Winner!

Build Orders: 1 Gate Expand, Blink Stalkers 

Get SALT Encoding   

  12  0:00  Probe  
  13  0:12  Probe  
  14  0:17  Pylon  
  14  0:24  Probe (Chrono Boost)  
  15  0:36  Probe (Chrono Boost)  
  15  0:37  Gateway  
  16  0:44  Probe (Chrono Boost)  
  16  0:46  Assimilator  
  17  0:50  Probe  
  18  1:03  Probe  
  19  1:15  Probe  
  20  1:21  Nexus  
  20  1:31  Cybernetics Core  
  20  1:34  Probe  
  21  1:40  Assimilator  
  21  1:46  Probe  
  22  1:51  Pylon  
  22  1:58  Probe  
  23  2:06  Adept (Chrono Boost)  
  23  2:09  Warp Gate  
  23  2:10  Probe  
  26  2:17  Twilight Council  
  27  2:22  Probe (Chrono Boost)  
  27  2:26  Stalker (Chrono Boost)  
  29  2:33  Probe (Chrono Boost)  
  31  2:40  Probe (Chrono Boost)  
  31  2:43  Probe (Chrono Boost)  
  32  2:47  Probe (Chrono Boost)  
  32  2:48  Blink (Chrono Boost), Probe (Chrono Boost)  
  34  2:59  Probe  
  34  3:00  Probe  
  34  3:03  Stalker  
  38  3:11  Probe  
  38  3:12  Probe  
  40  3:14  Gateway  
  40  3:23  Probe  
  40  3:24  Probe  
  42  3:27  Robotics Facility  
  42  3:34  Pylon  
  42  3:35  Probe  
  42  3:36  Probe  
  44  3:47  Probe  
  46  3:48  Probe  
  46  3:58  Stalker  
  46  3:59  Gateway  
  46  4:01  Nexus  
  48  4:09  Stalker, Shield Battery  
  48  4:12  Pylon  
  48  4:17  Immortal (Chrono Boost)  
  48  4:24  Stalker  
  54  4:30  Probe x2  
  54  4:31  Assimilator  
  56  4:32  Pylon  
  56  4:36  Stalker  
  57  4:42  Probe  
  57  4:48  Probe  
  57  4:51  Stalker  
  58  4:54  Probe  
  55  5:00  Probe  
  56  5:07  Stalker  
  56  5:08  Zealot  
  56  5:09  Probe  
  56  5:12  Probe  
  62  5:15  Probe  
  62  5:19  Stalker  
  62  5:21  Probe  
  64  5:24  Probe  
  65  5:28  Immortal (Chrono Boost)  
  65  5:31  Shield Battery  
  65  5:32  Zealot  
  65  5:34  Zealot  
  73  5:43  Pylon  
  73  5:44  Stalker  
  73  5:49  Pylon  
  74  5:54  Stalker x2  
  70  6:04  Probe x2  
  70  6:10  Stalker  
  69  6:13  Probe (Chrono Boost)  
  69  6:16  Probe x2 (Chrono Boost)  
  69  6:18  Forge  
  72  6:19  Gateway  
  72  6:25  Probe (Chrono Boost)  
  73  6:28  Probe x2 (Chrono Boost)  
  76  6:32  Gateway  
  76  6:33  Charge, Probe (Chrono Boost)  
  76  6:34  Probe x2 (Chrono Boost), Gateway  
  76  6:38  Probe  
  78  6:42  Probe x2  
  78  6:45  Protoss Ground Weapons Level 1 (Chrono Boost), Gateway x2  
  81  6:49  Assimilator  
  81  6:51  Probe  
  82  6:54  Probe x2  
  82  6:58  Robotics Bay  
  84  7:02  Observer (Chrono Boost)  
  84  7:03  Probe  
  86  7:14  Zealot x4  
  86  7:15  Pylon  
  94  7:19  Warp Prism (Chrono Boost)  
  94  7:22  Pylon  
  96  7:27  Nexus  
  96  7:29  Pylon  
  96  7:33  Sentry  
  96  7:36  Zealot  
  96  7:37  Zealot x3  
  102  7:40  Pylon  
  106  7:46  Pylon  
  106  7:49  Colossus (Chrono Boost)  
  106  7:56  Extended Thermal Lance  
  106  7:57  Probe x3  
  115  8:00  Pylon  
  115  8:09  Probe x3  
  115  8:10  Pylon  
  118  8:13  Forge  
  118  8:21  Probe x2  
  118  8:22  Probe  
  118  8:24  Shield Battery  
  121  8:30  Colossus (Chrono Boost)  
  121  8:31  Pylon  
  121  8:34  Protoss Ground Weapons Level 2 (Chrono Boost)  
  117  8:43  Protoss Ground Armor Level 1 (Chrono Boost), Gateway  
  117  8:46  Gateway  
  117  8:51  Zealot x8  
  133  8:58  Nexus  
  132  9:06  Colossus (Chrono Boost)  
  138  9:16  Pylon  
  138  9:18  Zealot x6  
  150  9:25  Pylon  
  150  9:28  Robotics Facility  
  150  9:30  Pylon  
  150  9:35  Probe x4  
  154  9:38  Pylon  
  154  9:40  Pylon  
  154  9:43  Zealot x5  
  164  9:48  Stalker x3  
  164  9:51  Stalker  
  171  9:53  Disruptor (Chrono Boost)  
  175  10:02  Photon Cannon  
  175  10:07  Pylon  
  175  10:12  Probe  
  175  10:13  Probe x4  
  180  10:20  Photon Cannon  
  178  10:22  Shield Battery  
  178  10:23  Stalker x4  
  178  10:24  Pylon  
  178  10:26  Zealot x2  
  178  10:27  Zealot x4  
  198  10:29  Protoss Ground Armor Level 2 (Chrono Boost)  
  198  10:30  Pylon  
  198  10:32  Disruptor  
  198  10:43  Nexus  
  196  10:50  Disruptor  
  196  10:52  Protoss Ground Weapons Level 3 (Chrono Boost)  
  196  10:56  Zealot x4  
  198  11:01  Pylon  
  190  11:08  Disruptor, Photon Cannon  
  190  11:10  Photon Cannon  
  194  11:11  Shield Battery  
  180  11:20  Zealot x10  
  200  11:43  Nexus  
  200  11:44  Pylon  
  200  11:52  Observer  
  198  11:58  Nexus  
  198  12:00  Pylon  
  199  12:07  Stalker x8  
  197  12:13  Disruptor  
  187  12:19  Zealot x2  
  147  12:26  Disruptor  
  135  12:30  Zealot x8  
  135  12:36  Probe x5  
  154  12:37  Protoss Ground Armor Level 3 (Chrono Boost), Probe  
  146  12:48  Probe x2, Gateway  
  146  12:50  Gateway  
  148  12:51  Stalker x3  
  148  12:52  Zealot x6  
  148  12:56  Stalker  
  168  13:03  Protoss Shields Level 1 (Chrono Boost), Photon Cannon, Probe  
  168  13:04  Probe x2  
  171  13:16  Zealot x8  
  180  13:24  Zealot x2  
  180  13:40  Zealot x8  
  190  13:48  Zealot x4  
  198  13:53  Disruptor x2 (Chrono Boost)  
  198  14:02  Zealot x8  
  186  14:09  Gravitic Boosters (Chrono Boost)  
  190  14:17  Nexus  
  190  14:18  Pylon  
  186  14:26  Disruptor (Chrono Boost)  
  186  14:28  Zealot x8  
  156  14:51  Zealot x2, Probe x4  
  156  14:52  Zealot x10, Assimilator  
  184  14:55  Assimilator, Dark Shrine  
  184  14:56  Pylon  
  164  15:17  Zealot x12  
  164  15:18  Disruptor x2  
  158  15:38  Stalker x8  
  158  15:39  Zealot x4  
  158  15:40  Photon Cannon  
  182  15:42  Shield Battery  
  182  15:44  Pylon  
  182  15:45  Pylon  
  170  16:07  Zealot x12  
Show
View Real Time Build Order
Export as new Build Order

XYXY Terran 

Build Orders: Cyclone Opening, Gas First Reaper Expand 

Get SALT Encoding   

  12  0:00  SCV  
  13  0:12  SCV  
  14  0:16  Supply Depot  
  14  0:24  SCV  
  14  0:27  Refinery  
  15  0:38  SCV  
  16  0:43  Barracks  
  16  0:50  SCV  
  17  1:02  SCV  
  18  1:14  SCV  
  19  1:30  Orbital Command, Reaper  
  20  1:40  Command Center  
  20  1:51  Factory  
  20  1:55  SCV  
  20  2:00  Refinery  
  21  2:05  Barracks Reactor  
  21  2:07  SCV  
  22  2:12  Supply Depot  
  22  2:19  SCV  
  23  2:34  SCV  
  23  2:35  Cyclone  
  26  2:42  Starport  
  26  2:46  SCV  
  27  2:52  Orbital Command  
  27  2:54  Marine x2  
  30  2:58  SCV  
  30  3:08  Factory Tech Lab  
  30  3:10  SCV  
  31  3:13  Marine x2  
  31  3:19  SCV  
  34  3:21  Medivac  
  36  3:28  Siege Tank  
  36  3:31  Marine x2  
  41  3:35  SCV  
  41  3:36  SCV  
  41  3:37  Supply Depot  
  43  3:48  SCV x2  
  45  3:49  Marine  
  46  3:58  Marine  
  46  4:00  Siege Tank  
  46  4:02  SCV  
  51  4:03  Supply Depot  
  51  4:07  SCV, Marine  
  53  4:14  SCV  
  53  4:16  Supply Depot  
  54  4:24  Liberator, Marine  
  54  4:25  SCV  
  54  4:26  SCV  
  54  4:27  Supply Depot, Marine  
  61  4:37  SCV  
  61  4:38  SCV  
  63  4:42  Marine  
  63  4:44  Marine  
  64  4:46  Siege Tank  
  64  4:49  SCV  
  66  4:59  Orbital Command  
  63  5:00  Marine  
  63  5:01  SCV  
  63  5:02  Marine  
  63  5:04  SCV  
  63  5:06  Command Center  
  67  5:12  Starport Tech Lab  
  67  5:15  SCV  
  67  5:18  Siege Tank, Marine  
  67  5:20  Marine  
  73  5:22  Supply Depot, Barracks  
  73  5:23  Barracks  
  73  5:25  SCV  
  74  5:34  SCV  
  75  5:36  Marine  
  75  5:38  Marine  
  75  5:41  SCV  
  75  5:42  Supply Depot  
  78  5:49  Refinery  
  78  5:50  Siege Tank, Refinery  
  78  5:51  Supply Depot  
  78  5:53  Marine  
  78  5:56  Marine  
  71  6:11  Marine  
  71  6:12  SCV  
  71  6:13  Marine  
  67  6:19  Barracks Tech Lab  
  67  6:20  Orbital Command  
  67  6:22  Siege Tank  
  67  6:23  Barracks  
  70  6:25  Engineering Bay  
  70  6:27  Engineering Bay  
  70  6:29  Marine  
  70  6:31  SCV x2, Marine  
  74  6:33  Stimpack  
  74  6:41  Combat Shield  
  74  6:42  Marauder  
  74  6:43  SCV  
  74  6:44  SCV  
  78  6:47  Marine  
  78  6:48  Starport Reactor  
  78  6:49  Marine  
  80  6:54  Barracks  
  80  6:57  SCV, Orbital Command  
  80  7:00  Terran Infantry Armor Level 1  
  81  7:02  Terran Infantry Weapons Level 1  
  81  7:03  SCV  
  81  7:05  Marine  
  81  7:08  Marauder x2  
  87  7:12  SCV  
  87  7:15  SCV  
  89  7:16  Marine  
  89  7:18  Factory Reactor  
  89  7:21  Supply Depot  
  90  7:22  Marine  
  90  7:23  SCV  
  90  7:24  SCV  
  90  7:27  Medivac x2  
  90  7:29  SCV, Supply Depot, Marauder x2, Marine  
  103  7:30  Supply Depot  
  103  7:32  Refinery  
  103  7:34  Marine  
  103  7:36  SCV x2  
  106  7:38  Concussive Shells  
  106  7:40  Supply Depot  
  106  7:42  SCV  
  107  7:47  Marauder  
  107  7:48  SCV  
  107  7:49  Marine  
  107  7:50  Marauder  
  107  7:51  Marauder  
  115  7:52  SCV, Marine  
  115  7:54  Armory  
  115  7:58  SCV  
  118  8:00  SCV, Medivac  
  118  8:04  SCV, Medivac, Supply Depot  
  118  8:05  Refinery  
  124  8:07  Marine  
  124  8:08  Marauder  
  124  8:10  SCV, Supply Depot, Marine  
  124  8:11  Marine x2  
  131  8:14  SCV  
  131  8:15  Marine x2  
  131  8:16  SCV  
  135  8:24  Marine  
  136  8:28  Marine  
  136  8:30  Marauder x3, Viking  
  136  8:32  Supply Depot  
  136  8:34  SCV x3, Viking  
  144  8:46  SCV x3, Marine x2  
  149  8:49  Ghost Academy  
  149  8:56  Terran Infantry Weapons Level 2, Terran Infantry Armor Level 2  
  149  8:58  SCV, Marine x2  
  149  9:00  Marine x2, Viking  
  157  9:04  Supply Depot, Viking  
  157  9:07  Command Center  
  158  9:17  Barracks  
  158  9:19  Barracks, Ghost  
  158  9:21  Ghost  
  158  9:23  Barracks, Ghost  
  164  9:30  Viking  
  166  9:32  Supply Depot  
  166  9:34  Viking  
  166  9:35  Marine x4  
  172  9:46  Supply Depot  
  172  9:48  Marauder  
  172  9:50  Marauder  
  172  9:52  Marauder  
  178  9:53  Marine x2  
  180  10:00  Viking  
  180  10:04  Viking, Terran Ship Weapons Level 1  
  184  10:09  Barracks Tech Lab x2  
  184  10:10  Marauder  
  184  10:11  Barracks Tech Lab, Missile Turret, Marauder  
  184  10:13  Marauder  
  190  10:20  Marine x2  
  192  10:21  Marine  
  193  10:30  Viking  
  193  10:31  Marauder  
  193  10:33  Marauder  
  193  10:34  Sensor Tower  
  199  10:44  Sensor Tower  
  199  10:58  Planetary Fortress  
  199  11:10  Starport, Fusion Core  
  199  11:18  Ghost x2, Viking x2  
  176  11:20  Marine x4, Marauder x4  
  176  11:21  Missile Turret  
  176  11:22  Refinery x2  
  188  11:30  Terran Infantry Weapons Level 3  
  188  11:37  Terran Infantry Armor Level 3  
  188  11:38  Marine x4  
  192  11:40  Marine  
  192  11:41  Marine x3  
  192  11:43  SCV  
  197  11:47  Marine x2  
  199  11:56  Marine  
  197  12:07  Marauder x2  
  197  12:08  Marauder x2  
  172  12:19  Marauder, Marine  
  172  12:20  Marauder, Marine x3  
  150  12:28  Marine  
  150  12:29  Marauder x2, Marine  
  146  12:34  SCV  
  146  12:35  SCV x2  
  141  12:37  Marine x2  
  141  12:38  Marine x2  
  141  12:41  Caduceus Reactor, Marauder x2  
  141  12:42  Missile Turret  
  143  12:46  SCV  
  143  12:47  Medivac x2, Marauder x2  
  143  12:48  Starport Reactor  
  143  12:50  Marauder x2  
  156  12:55  Marine x4  
  160  12:59  SCV x2  
  160  13:02  Command Center, Marauder  
  166  13:09  Marauder x2  
  166  13:11  Marauder  
  166  13:12  Marauder  
  172  13:16  Marauder  
  172  13:19  Medivac x2  
  176  13:22  Marine x2  
  171  13:34  Marauder x2, Marine x3  
  156  13:35  SCV x2  
  156  13:36  SCV  
  160  13:42  Command Center  
  160  13:44  Marine  
  160  13:47  SCV  
  153  13:50  Marauder x2  
  153  13:54  Medivac x2, Liberator  
  160  13:57  Marauder  
  160  14:02  Marine, Marauder x2  
  154  14:03  Marine  
  154  14:09  Marine, Marauder  
  158  14:10  Marine  
  158  14:11  Marauder  
  158  14:12  Marauder  
  155  14:21  Ghost  
  155  14:22  Ghost  
  155  14:23  Marauder  
  159  14:25  Marine  
  159  14:26  Marine  
  159  14:27  Marine  
  159  14:28  Marine  
  159  14:31  Ghost  
  154  14:44  Marauder x2  
  135  14:51  Marauder x3  
  135  14:52  Marine x2  
  135  14:53  Marine  
  135  14:54  Marine  
  139  15:00  Marauder  
  139  15:03  Sensor Tower  
  139  15:05  Marauder, Marine  
  144  15:11  Ghost  
  137  15:18  Marine x3, Marauder x2  
  119  15:21  Medivac, Marauder  
  119  15:23  Marauder  
  119  15:26  Marauder  
  119  15:27  Medivac x2  
  119  15:28  Medivac  
  126  15:31  Marine  
  126  15:33  Planetary Fortress  
  127  15:38  Ghost  
  127  15:39  Marauder  
  133  15:43  Marauder  
  133  15:48  Marauder x2  
  133  15:49  Marine  
  137  15:51  Medivac  
  106  16:05  Marine x2, Marauder x3  
Tags
 
Add a new tag
Caveats
  • Supply blocks, unpowered buildings, or Contaminate may cause inaccurate times.
  • Supply counts are checked every 10 seconds.